 Dungeon Crawl Stone Soup version 0.14-a0-840-g06343e3 (webtiles) character file.

205 4tharraofdagon the Cudgeler (level 4, 0/46 HPs)
             Began as an Ogre Gladiator on Nov 13, 2013.
             Was a Believer of Lugonu.
             Slain by an ogre
             ... wielding a +0,+0 giant club
              (28 damage)
             ... on Level 5 of the Dungeon.
             The game lasted 00:05:32 (909 turns).

4tharraofdagon the Cudgeler (Ogre Gladiator)         Turns: 909, Time: 00:05:32

HP   0/46        AC  3     Str 21      XL: 4   Next: 68%
MP   4/4         EV  7     Int  7      God: Lugonu [**....]
Gold 108         SH 16     Dex 10      Spells:  0 memorised,  5 levels left

Res.Fire  : . . .   See Invis. : .   k - +0,+1 orc mace
Res.Cold  : + . .   Warding    : .   b - +0 animal skin
Life Prot.: . . .   Conserve   : .   v - +2 shield
Res.Poison: .       Res.Corr.  : .   c - +0 cap
Res.Elec. : .       Clarity    : .   (no cloak)
Sust.Abil.: . .     Spirit.Shd : .   (gloves unavailable)
Res.Mut.  : .       Stasis     : .   (boots unavailable)
Res.Rott. : .       Flight     : .   (no amulet)
Saprovore : + . .                    (no ring)
                                     w - ring of protection from cold {unknown}

@: slightly resistant to hostile enchantments, unstealthy
A: unfitting armour, fast metabolism 1, saprovore 1, tough skin 1
a: Depart the Abyss, Bend Space, Renounce Religion


You were on level 5 of the Dungeon.
You worshipped Lugonu.
Lugonu was pleased with you.
You were not hungry.

You visited 2 branches of the dungeon, and saw 6 of its levels.

You collected 108 gold pieces.

Inventory:

Hand weapons
 a - a +0,+0 mace
 i - a +0,+0 flail
 k - a +0,+1 orcish mace (weapon)
Missiles
 r - 15 steel darts (quivered)
 u - a throwing net [falling apart]
Armour
 b - a +0 animal skin (worn)
 c - a +0 cap (worn)
 v - a +2 shield (worn)
Comestibles
 f - 2 meat rations
 g - a bread ration
 h - 2 pears
Scrolls
 e - 2 scrolls of curse weapon {unknown}
 j - a scroll of remove curse {unknown}
 l - 3 scrolls of identify {unknown}
 m - a scroll of curse armour {unknown}
 n - 3 scrolls of amnesia {unknown}
 q - a scroll of enchant weapon II {unknown}
 s - a scroll of curse jewellery {unknown}
 y - a scroll of teleportation {unknown}
Jewellery
 w - a ring of protection from cold (left hand) {unknown}
Potions
 o - 2 potions of flight {unknown}
 p - a potion of heal wounds
 x - a potion of slowing {unknown}
Books
 t - a book of the Earth

   Spells                             Type                      Level
   Dig                                Earth                        4
   Leda's Liquefaction                Hexes/Earth                  4
   Bolt of Magma                      Conjuration/Fire/Earth       5
   Statue Form                        Transmutation/Earth          6
   Iron Shot                          Conjuration/Earth            6
   Shatter                            Earth                        9


   Skills:
 + Level 4.0 Fighting
 * Level 5.9 Maces & Flails
 - Level 2.1 Throwing
 - Level 2.6 Dodging
 + Level 1.4 Spellcasting


You had 5 spell levels left.
You didn't know any spells.

Dungeon Overview and Level Annotations

Branches:
Dungeon (5/16)             Temple (1/1) D:4

Altars:
Cheibriados
Makhleb
Sif Muna
Xom
Yredelemnul
Zin
Lugonu

Annotations:
D:3 Terence; truffant's ghost, weakling DsMo


Innate Abilities, Weirdness & Mutations

You are too large for most types of armour.
You have a fast metabolism.
You can tolerate rotten meat.
You have tough skin (AC +1).


Message History

You thump the ogre!
The ogre is moderately wounded.
The ogre struggles against the net.
The helpless ogre fails to defend itself.
You hit the ogre.
The ogre is heavily wounded.
The ogre struggles against the net.
You hit the ogre but do no damage.
The ogre is heavily wounded.
The ogre struggles against the net.
The net rips apart, and the ogre comes free!
The ogre hits you with a giant club!
You hit the ogre.
The ogre is severely wounded.
The ogre barely misses you.
You hit the ogre.
The ogre is almost dead.
The ogre hits you with a giant club!
Ouch! That really hurt!
You die...

#..........#
######.#####
#.####
#....#
#########'##
#..........#
#..........#
#..........#
#.......@..#
#.......O..+
#..........#
#..........#
#..........#
..........#
.........#
........#
####


You could see an ogre.

Vanquished Creatures
  A worker ant (D:4)
  A hound skeleton (D:4)
  2 adders
  A giant eyeball (D:5)
  A giant gecko (D:3)
  6 orcs
  3 bats
  A bat skeleton (D:4)
  2 giant cockroaches
  4 hobgoblins
  2 quokkas (D:3)
  A giant newt (D:3)
  6 goblins
  3 kobolds
  5 rats
39 creatures vanquished.

Notes
Turn   | Place    | Note
--------------------------------------------------------------
     0 | D:1      | 4tharraofdagon, the Ogre Gladiator, began the quest for the Orb.
     0 | D:1      | Reached XP level 1. HP: 22/22 MP: 0/0
     0 | D:1      | BOUNCING AT THE BOTTOMLESS PIT
    96 | D:2      | Reached XP level 2. HP: 26/29 MP: 1/1
   345 | D:4      | Found a staircase to the Ecumenical Temple.
   356 | D:4      | Reached skill level 5 in Maces & Flails
   356 | D:4      | Reached XP level 3. HP: 30/37 MP: 2/2
   366 | Temple   | Entered the Ecumenical Temple
   376 | Temple   | HURUMPH
   380 | Temple   | Became a worshipper of Lugonu the Unformed
   380 | Temple   | Acquired Lugonu's first power
   419 | D:3      | Noticed Terence
   449 | D:3      | Noticed truffant's ghost (weakling DsMo)
   558 | D:4      | Reached XP level 4. HP: 41/45 MP: 3/3
   594 | D:4      | Reached skill level 1 in Spellcasting
   697 | D:4      | Acquired Lugonu's second power
   877 | D:5      | Entered Level 5 of the Dungeon
   900 | D:5      | Noticed an ogre
   909 | D:5      | Slain by an ogre

Action                   |  1- 3 |  4- 6 || total
-------------------------+-------+-------++-------
Melee: Mace              |    26 |    61 ||    87
       Flail             |    37 |       ||    37
Throw: Throwing net      |     1 |     2 ||     3
  Use: Potion            |     1 |       ||     1
 Stab: Held in net/web   |       |     1 ||     1
       Sleeping          |       |     1 ||     1
